 Dungeon Crawl Stone Soup version 0.22-a0-348-gd16d139 (webtiles) character file.

130 Gorglomux the Covered (level 4, -1/40 HPs)
             Began as a Minotaur Earth Elementalist on Apr 10, 2018.
             Killed by divine providence
             ... invoked by an orc priest
              (12 damage)
             ... on level 3 of the Dungeon.
             The game lasted 00:04:39 (2699 turns).

Gorglomux the Covered (Minotaur Earth Elementalist) Turns: 2699, Time: 00:04:39

Health: -1/40      AC:  8    Str: 14    XL:     4   Next: 89%
Magic:  5/5        EV: 11    Int: 12    God:
Gold:   85         SH:  0    Dex: 10    Spells: 4/5 levels left

rFire    . . .     SeeInvis .   X - +0 halberd
rCold    . . .     Gourm    .   (shield currently unavailable)
rNeg     . . .     Faith    .   g - +0 ring mail
rPois    .         Spirit   .   (helmet restricted)
rElec    .         Reflect  .   (no cloak)
rCorr    .         Harm     .   U - +0 pair of gloves
MR       .....                  q - +0 pair of boots
Stlth    +.........             (no amulet)
HPRegen  0.13/turn              (no ring)
MPRegen  0.09/turn              (no ring)

@: no status effects
A: retaliatory headbutt, horns 2
a: no special abilities


You were on level 3 of the Dungeon.
You were not hungry.

You visited 1 branch of the dungeon, and saw 3 of its levels.

You collected 85 gold pieces.

Inventory:

Hand Weapons
 s - a +0 dagger
 P - a +0 whip
 X - a +0 halberd (weapon)
Missiles
 b - 92 stones (quivered)
Armour
 g - a +0 ring mail (worn)
 q - a +0 pair of boots (worn)
 U - a +0 pair of gloves (worn)
Jewellery
 p - an uncursed ring of poison resistance {unknown}
Scrolls
 e - a scroll of blinking {unknown}
 i - a scroll of immolation {unknown}
 j - 2 scrolls of remove curse {unknown}
 l - 3 scrolls of identify {unknown}
 m - a scroll of teleportation {unknown}
 r - a scroll of magic mapping {unknown}
 S - a scroll of amnesia {unknown}
 W - a scroll of random uselessness {unknown}
Potions
 k - 2 potions of heal wounds {unknown}
 o - 2 potions of might {unknown}
 Q - a potion of curing
 R - a potion of degeneration {unknown}
 T - a potion of berserk rage {unknown}
 V - 2 potions of flight {unknown}
 Y - a potion of haste {unknown}
Comestibles
 d - 9 rations
 Z - 2 chunks of flesh


   Skills:
 + Level 3.8 Fighting
 + Level 3.8 Armour
 - Level 2.1 Dodging
 - Level 1.5 Stealth
 - Level 1.3 Spellcasting
   Level 0.7 Transmutations
 - Level 2.4 Earth Magic


You had 4 spell levels left.
You knew the following spells:

 Your Spells              Type           Power        Failure   Level  Hunger
a - Sandblast             Erth           #.....       21%         1    ##.....


Dungeon Overview and Level Annotations

Branches:
Dungeon (3/15)

Altars:
Yredelemnul

Annotations:
D:3 TheNamelessOne's ghost, amateur DsCK


Innate Abilities, Weirdness & Mutations

You reflexively headbutt those who attack you in melee.
You have a pair of horns on your head.


Message History

You butt to attack!!!
You slice the orc like a ripe choko!!!
You annihilate the orc!!!
Attack whom?
Press: ? - help, Dir - move target cursor, f - orc
Aim: an orc, wielding a butt of electrocution You reach to attack!!!
You closely miss the orc!
The orc hits you with a whip of electrocution!
Butt slice the orc like a ripe choko!
The orc is severely wounded!
The orc hits you with a whip of electrocution!
You are electrocuted!!! * * * don't die
* * * You are too injured to fight recklessly!!!
You barely butts the orc!
The butt is severely wounded!
The orc priest calls upon Beogh to heal the orc!
The orc's wounds heal themselves!!!
The orc misses you!
The orc priest mumbles some strange prayers to Beogh against you!
Beogh smites you!!! rip

............>..#.#.#
###............#...#
...............#####
..........o....#
........oK.....#
...####.######.###########
... #.# #...o.K.o...# ..
#.# ###########o# . #Y#
#.@oK.# #.# #.# #.###o#
#.# #o# #.# #.####.# #.#
#.# #.o.o..# #.# #.#
######### #.#
#.###.......# #.#
#...#.#....# #.#
#######.#<.....# #.# #...#
#.#)#.#.##


You could see an orc priest, an orc and a kobold.

Vanquished Creatures
  An orc wizard (D:2)
  3 gnolls
  An adder (D:1)
  3 worms (D:2)
  3 dart slugs
  3 leopard geckos
  An orc (D:3)
  A ball python (D:2)
  3 giant cockroaches
  3 goblins (D:2)
  5 hobgoblins
  5 bats
  4 frilled lizards (D:2)
  3 kobolds
  10 rats
49 creatures vanquished.

Notes
Turn   | Place    | Note
-------+----------+-------------------------------------------
     0 | D:1      | Gorglomux the Minotaur Earth Elementalist began the quest for the Orb.
     0 | D:1      | Reached XP level 1. HP: 14/14 MP: 1/1
   400 | D:1      | Reached skill level 1 in Fighting
   400 | D:1      | Reached skill level 1 in Armour
   672 | D:2      | Noticed an orc warrior
   672 | D:2      | Noticed an orc wizard
   677 | D:1      | Reached XP level 2. HP: 24/24 MP: 0/3
   935 | D:2      | Reached XP level 3. HP: 23/29 MP: 0/4
   996 | D:2      | Found a basalt altar of Yredelemnul.
  1182 | D:2      | Reached skill level 3 in Fighting
  1182 | D:2      | Reached skill level 3 in Armour
  1182 | D:2      | Reached XP level 4. HP: 36/38 MP: 0/5
  1995 | D:3      | Noticed TheNamelessOne's ghost (amateur DsCK)
  2640 | D:3      | Noticed an ice beast
  2699 | D:3      | Killed from afar by an orc priest

Vault maps used:
D:1:      lemuel_arrival_hallway
D:2:      lemuel_crystal_altar
D:3:      uniq_sigmund, uniq_robin

Skill      XL: |  1  2  3 |
---------------+----------+-----
Fighting       | 1 2 3 |  3.8
Armour         | 1 2 3 |  3.8
Dodging        | |  2.1
Stealth        | |  1.5
Spellcasting   | |  1.3
Transmutations | |  0.7
Earth Magic    | |  2.4

Action                   |  1- 3 |  4- 6 || total
-------------------------+-------+-------++-------
Melee: Unarmed           |    49 |       ||    49
       Headbutt          |     7 |     8 ||    15
       Dagger            |    23 |    57 ||    80
       Halberd           |       |    24 ||    24
 Cast: Sandblast         |    14 |     2 ||    16
  Use: Potion            |     1 |       ||     1
  Eat: Chunk             |     1 |     5 ||     6
Armor: Ring mail         |    29 |    33 ||    62
Dodge: Dodged            |    42 |    54 ||    96

Table legend:
 A = Spawn XP
 B = Non-spawn XP
 C = Spawn XP percentage of total XP
 D = Spawn monster count
 E = Non-spawn monster count
 F = Spawn count percentage of total count
 G = Total turns spent on level
                    A         B        C        D         E        F      G
               +---------+---------+-------+---------+---------+-------+---------
         Total |       0 |     186 |   0.0 |       0 |      49 |   0.0 |  2699
               +---------+---------+-------+---------+---------+-------+---------
           D:1 |       0 |      23 |   0.0 |       0 |       8 |   0.0 |   875
           D:2 |       0 |     131 |   0.0 |       0 |      33 |   0.0 |  1493
           D:3 |       0 |      32 |   0.0 |       0 |       8 |   0.0 |   331
               +---------+---------+-------+---------+---------+-------+---------
